 Dungeon Crawl Stone Soup version 0.27-a0-1158-gaa87e14f67 (webtiles) character file.

Game seed: 2301895111246098279

5742 Zonian the Destroyer (level 10, -12/67 HPs)
             Began as a Gnoll Conjurer on May 16, 2021.
             Was a Follower of Hepliaklqana.
             Shot with an arrow by a centaur warrior (32 damage)
             ... on level 9 of the Dungeon.
             The game lasted 00:19:09 (11617 turns).

Zonian the Destroyer (Gnoll Conjurer)              Turns: 11617, Time: 00:19:10

Health: -12/67     AC:  6    Str:  8    XL:     10   Next: 77%
Magic:  13/21      EV: 13    Int: 22    God:    Hepliaklqana [*.....]
Gold:   365        SH:  0    Dex: 11    Spells: 18/24 levels left

rFire    . . .     SeeInvis .   A - +7 quick blade of the Shining Light {drain, rCorr Int+3}
rCold    . . .     Faith    .   (no shield)
rNeg     . . .     Spirit   .   o - +0 leather armour
rPois    .         Reflect  .   s - +0 helmet
rElec    .         Harm     .   (no cloak)
rCorr    +         Rampage  .   z - +0 pair of gloves
Will     .....                  (no boots)
Stlth    +++.......             u - amulet of regeneration
HPRegen  1.21/turn              r - ring of flight
MPRegen  0.17/turn              m - +4 ring of slaying

@: flying
A: reduced essence, fangs 1, strong nose, distributed training
a: Renounce Religion, Recall Ancestor, Ancestor Identity


You were on level 9 of the Dungeon.
You worshipped Hepliaklqana.
Hepliaklqana was aware of your devotion.
You visited 2 branches of the dungeon, and saw 10 of its levels.

You collected 410 gold pieces.
You spent 45 gold pieces at shops.

Inventory:

Hand Weapons
 d - a +1 whip
 f - a +0 dagger
 i - a +0 dagger of holy wrath
 j - a +0 hunting sling of electrocution
 k - a +0 longbow
 t - the +10 dagger "Egavad" {vorpal, rF+ rC- rN+++ Stlth-}
   (You found it on level 4 of the Dungeon)

   It inflicts extra damage upon your enemies.
   It protects you from fire.
   It makes you vulnerable to cold.
   It renders you almost immune to negative energy.
   It makes you less stealthy.
 A - the +7 quick blade of the Shining Light (weapon) {drain, rCorr Int+3}
   (You acquired it on level 5 of the Dungeon)

   A truly terrible weapon, it drains the life of those it strikes.
   It affects your intelligence (+3).
   It protects you from acid and corrosion.
 D - a +1 short sword of electrocution
Missiles
 p - 35 sling bullets
 x - 52 poisoned darts
 M - a curare-tipped dart
 P - 2 throwing nets
Armour
 a - a +0 robe
 o - a +0 leather armour (worn)
 s - a +0 helmet (worn)
 z - a +0 pair of gloves (worn)
Magical Staves
 F - a staff of fire
Jewellery
 m - a +4 ring of slaying (right hand)
 r - a ring of flight (left hand)
 u - an amulet of regeneration (around neck)
 G - an amulet of the acrobat
 Q - a ring of resist corrosion
Wands
 w - a wand of charming (5)
 y - a wand of digging (3)
 I - a wand of paralysis (8)
 L - a wand of polymorph (5)
 N - a wand of flame (10)
Scrolls
 g - a scroll of teleportation
 n - 2 scrolls of vulnerability
 H - a scroll of noise
 K - a scroll of fog
 O - a scroll of identify
Potions
 b - a potion of might
 e - a potion of brilliance
 h - a potion of degeneration
 l - 2 potions of flight
 q - 2 potions of ambrosia
 v - a potion of magic {unknown}
 B - a potion of heal wounds
 C - 3 potions of curing
 E - a potion of berserk rage {unknown}
 J - a potion of attraction {unknown}


   Skills:
 + Level 5.6 Fighting
 + Level 5.6 Short Blades
 + Level 5.6 Long Blades
 + Level 5.6 Axes
 + Level 5.6 Maces & Flails
 + Level 5.6 Polearms
 + Level 5.6 Staves
 + Level 5.6 Slings
 + Level 5.6 Bows
 + Level 5.6 Crossbows
 + Level 5.6 Throwing
 + Level 5.6 Armour
 + Level 7.3 Dodging
 + Level 7.1 Stealth
 + Level 5.6 Shields
 + Level 5.6 Unarmed Combat
 + Level 7.6 Spellcasting
 + Level 8.6 Conjurations
 + Level 4.6 Hexes
 + Level 4.6 Summonings
 + Level 4.6 Necromancy
 + Level 4.6 Translocations
 + Level 4.6 Transmutations
 + Level 4.6 Fire Magic
 + Level 4.6 Ice Magic
 + Level 4.6 Air Magic
 + Level 4.6 Earth Magic
 + Level 4.6 Poison Magic
 + Level 6.1 Invocations
 + Level 5.6 Evocations


You had 18 spell levels left.
You knew the following spells:

 Your Spells              Type           Power      Damage    Failure   Level
a - Magic Dart            Conj           100%       1d8       1%          1
b - Searing Ray           Conj           92%        3d6       1%          2
c - Mephitic Cloud        Conj/Pois/Air  34%        N/A       2%          3

Your spell library contained the following spells:

 Spells                   Type           Power      Damage    Failure   Level
 Animate Skeleton         Necr           56%        N/A       1%          1
 Pain                     Necr           100%       1d9       1%          1
 Sting                    Tmut/Pois      100%       1d8       1%          1
 Summon Small Mammal      Summ           100%       N/A       1%          1
 Dazzling Flash           Conj/Hex       74%        N/A       1%          3
 Call Imp                 Summ           28%        N/A       2%          2
 Poisonous Vapours        Pois/Air       56%        N/A       2%          2
 Sublimation of Blood     Necr           14%        N/A       2%          2
 Call Canine Familiar     Summ           28%        N/A       4%          3
 Ignite Poison            Fire/Tmut/Pois 28%        N/A       4%          3
 Summon Guardian Golem    Hex/Summ       28%        N/A       4%          3
 Vampiric Draining        Necr           14%        2d8       4%          3
 Fulminant Prism          Conj/Hex       18%        3d11      7%          4
 Iskenderun's Mystic Bla  Conj/Tloc      37%        2d9       7%          4
 Animate Dead             Necr           14%        N/A       16%         4
 Olgreb's Toxic Radiance  Pois           28%        N/A       16%         4
 Summon Ice Beast         Ice/Summ       28%        N/A       16%         4
 Summon Lightning Spire   Summ/Air       28%        N/A       16%         4
 Agony                    Necr           28%        N/A       41%         5
 Eringya's Noxious Bog    Tmut/Pois      14%        N/A       94%         6


Dungeon Overview and Level Annotations

Branches:
Dungeon (9/15)             Temple (1/1) D:6            Lair (0/6) D:9
    Orc: D:9-12

Altars:
Ashenzari
Cheibriados
Dithmenos
Elyvilon
Fedhas
Gozag
Hepliaklqana
Kikubaaqudgha
Makhleb
Nemelex Xobeh
Okawaru
Qazlal
Ru
Sif Muna
Trog
Uskayaw
Vehumet
Wu Jian
Xom
Yredelemnul
Zin
The Shining One

Shops:
D:4 *


Innate Abilities, Weirdness & Mutations

Your life essence is reduced to manifest your ancestor. (-10% HP)
You have very sharp teeth.
Your uncanny sense of smell can sniff out nearby items.
Your experience applies equally to all skills.


Message History

The centaur warrior shoots an arrow.
The arrow barely misses you.
The magic dart hits the centaur warrior but does no damage.
The centaur warrior is lightly wounded.
The centaur warrior shoots an arrow.
The arrow hits you but does no damage.
The magic dart hits the centaur warrior but does no damage.
The centaur warrior is lightly wounded.
The centaur warrior shoots an arrow.
The arrow closely misses you.
The centaur warrior shoots an arrow.
The arrow hits GRANPA!!
GRANPA avoids your attack.
The magic dart hits the centaur warrior!
The centaur warrior is lightly wounded.
GRANPA barely misses the centaur warrior.
The centaur warrior shoots an arrow.
The arrow hits GRANPA!!
GRANPA is destroyed!
Unknown command.
The magic dart hits the centaur warrior.
The centaur warrior is moderately wounded.
The centaur warrior shoots an arrow.
The arrow hits you!!
The magic dart hits the centaur warrior.
The centaur warrior is moderately wounded.
The centaur warrior shoots an arrow.
The arrow barely misses you.
Unknown command.
Casting: Magic Dart (safe; 1% risk of failure)
Confirm with . or Enter, or press ? or * to list all spells.
You can't see any susceptible monsters within range! (Use Z to cast anyway.) Unknown command.
Aiming: Paralyse
Press: ? - help, Shift-Dir - straight line, f/p - centaur warrior
Aim: a centaur warrior, wielding a +0 longbow and quivering arrows (moderately wounded, chance to affect: 45%)
The centaur warrior resists with some effort.
The centaur warrior shoots an arrow.
The arrow hits you!!
* * * LOW HITPOINT WARNING * * *
The centaur warrior shoots an arrow.
The arrow hits you!
* * * LOW HITPOINT WARNING * * *
You feel much better.
The centaur warrior shoots an arrow.
The arrow hits you!
* * * LOW HITPOINT WARNING * * *
You feel much better.
The centaur warrior shoots an arrow.
The arrow hits you!
* * * LOW HITPOINT WARNING * * *
The centaur warrior shoots an arrow.
The arrow hits you!!
You die...

#####.# ....#.#
#............. ###.#.#
#......P.♣.... # #.#.#
#.P........... ###...##
....♣...>.P.. .......##
#♣........†.. #.......#
#............ #..>....#
#............
........####....@.......
..........÷÷.÷.†P....c..
......######.#..........
#.#..## #.##.........
###.## #........###. #.#
####.##### #.# ..# #.#
.## #.#


You could see a centaur warrior.

Vanquished Creatures
  A troll (D:9)
  The ghost of robertstho the Magician, an amateur DjCj of Gozag (D:4)
  8 yaks
  2 wyverns (D:9)
  2 vampire mosquitoes (D:9)
  2 water moccasins (D:9)
  3 sky beasts
  2 ice beasts
  2 black bears
  2 ogres
  4 phantoms
  3 kobold brigands
  Blork the orc (D:5)
  2 bullfrogs (D:7)
  A gnoll sergeant (D:6)
  2 water moccasin skeletons (D:4)
  8 killer bees
  3 wights (D:8)
  4 howler monkeys
  2 centaur zombies
  2 bullfrog zombies
  A jelly (D:6)
  2 hounds
  An orc priest (D:6)
  2 bullfrog skeletons
  5 iguanas
  3 orc wizards
  A killer bee zombie (D:5)
  A hound skeleton (D:4)
  A howler monkey skeleton (D:7)
  4 gnolls (D:6)
  3 adders
  A white imp (D:5)
  2 worms (D:2)
  A dart slug (D:4)
  16 orcs
  6 ball pythons
  A bat (D:2)
  5 endoplasms
  A giant cockroach (D:1)
  6 goblins
  3 hobgoblins
  10 jackals
  20 kobolds
  5 quokkas
  4 frilled lizards (D:2)
  8 rats
170 creatures vanquished.

Vanquished Creatures (collateral kills)
  A yak (D:9)
  2 vampire mosquitoes (D:9)
  A water moccasin (D:9)
4 creatures vanquished.

Vanquished Creatures (others)
  3 ancestors (D:9)
  2 bushes (D:9)
  3 fungi (D:9)
  22 plants (D:9)
30 creatures vanquished.

Grand Total: 204 creatures vanquished

Notes
Turn   | Place    | Note
-------+----------+-------------------------------------------
     0 | D:1      | Zonian the Gnoll Conjurer began the quest for the Orb.
     0 | D:1      | Reached XP level 1. HP: 13/13 MP: 6/6
   260 | D:1      | Reached XP level 2. HP: 19/19 MP: 3/7
   857 | D:1      | Found a faded altar of an unknown god.
   981 | D:2      | Learned a level 2 spell: Searing Ray
  1486 | D:2      | Reached XP level 3. HP: 25/25 MP: 5/9
  1686 | D:2      | Reached skill level 5 in Spellcasting
  1789 | D:2      | Reached skill level 1 in Invocations
  2233 | D:2      | Reached skill level 1 in Fighting
  2233 | D:2      | Reached skill level 1 in Short Blades
  2233 | D:2      | Reached skill level 1 in Long Blades
  2233 | D:2      | Reached skill level 1 in Axes
  2233 | D:2      | Reached skill level 1 in Maces & Flails
  2233 | D:2      | Reached skill level 1 in Polearms
  2233 | D:2      | Reached skill level 1 in Staves
  2233 | D:2      | Reached skill level 1 in Slings
  2233 | D:2      | Reached skill level 1 in Bows
  2233 | D:2      | Reached skill level 1 in Crossbows
  2233 | D:2      | Reached skill level 1 in Throwing
  2233 | D:2      | Reached skill level 1 in Armour
  2233 | D:2      | Reached skill level 1 in Shields
  2233 | D:2      | Reached skill level 1 in Unarmed Combat
  2233 | D:2      | Reached skill level 1 in Evocations
  2528 | D:3      | Reached XP level 4. HP: 32/32 MP: 1/11
  2791 | D:3      | Identified the Compendium of Poison and Unholy Rites
  2808 | D:3      | Noticed a black bear
  3798 | D:3      | Killed a black bear
  3799 | D:3      | Reached skill level 1 in Hexes
  3799 | D:3      | Reached skill level 1 in Summonings
  3799 | D:3      | Reached skill level 1 in Necromancy
  3799 | D:3      | Reached skill level 1 in Translocations
  3799 | D:3      | Reached skill level 1 in Transmutations
  3799 | D:3      | Reached skill level 1 in Fire Magic
  3799 | D:3      | Reached skill level 1 in Ice Magic
  3799 | D:3      | Reached skill level 1 in Air Magic
  3799 | D:3      | Reached skill level 1 in Earth Magic
  3799 | D:3      | Reached skill level 1 in Poison Magic
  3799 | D:3      | Reached XP level 5. HP: 37/37 MP: 4/12
  4110 | D:4      | Found a shadowy altar of Dithmenos.
  4198 | D:4      | Found Bushiaf's General Store.
  4203 | D:4      | Bought a scroll of fear for 45 gold pieces
  4320 | D:4      | Reached XP level 6. HP: 39/44 MP: 3/13
  4512 | D:4      | Reached skill level 5 in Dodging
  4828 | D:4      | Identified the +10 dagger "Egavad" {vorpal, rF+ rC- rN+++
                  | Stlth-}
  5517 | D:4      | Found a runed translucent door.
  5519 | D:4      | Noticed robertstho's ghost (amateur DjCj)
  5579 | D:4      | Reached XP level 7. HP: 35/50 MP: 15/15
  5703 | D:4      | Found a shimmering altar of Xom.
  5807 | D:4      | Killed robertstho's ghost
  5917 | D:5      | Entered Level 5 of the Dungeon
  5928 | D:5      | Found a white marble altar of Elyvilon.
  5935 | D:5      | Noticed Blork the orc
  6119 | D:5      | Reached skill level 5 in Stealth
  6214 | D:5      | Reached XP level 8. HP: 49/57 MP: 5/16
  7021 | D:5      | Found a sparkling altar of Nemelex Xobeh.
  7320 | D:5      | Killed Blork the orc
  7657 | D:5      | Identified a scroll of acquirement
  7657 | D:5      | Acquired the +7 quick blade of the Shining Light {drain,
                  | rCorr Int+3}
  8079 | D:6      | Found an iron altar of Okawaru.
  8104 | D:6      | Found a staircase to the Ecumenical Temple.
  8113 | Temple   | Entered the Ecumenical Temple
  8194 | Temple   | Became a worshipper of Hepliaklqana the Forgotten
  8227 | D:6      | Found a burning altar of Makhleb.
  8295 | D:6      | Reached XP level 9. HP: 64/65 MP: 18/18
  8691 | D:7      | Reached skill level 8 in Conjurations
  9745 | D:8      | Reached skill level 5 in Invocations
 10039 | D:8      | Found a basalt altar of Yredelemnul.
 10042 | D:8      | Noticed a profane servitor
 10120 | D:8      | Learned a level 3 spell: Mephitic Cloud
 10184 | D:8      | Reached XP level 10. HP: 73/73 MP: 20/20
 10205 | D:8      | Reached * piety under Hepliaklqana
 10228 | D:8      | Found a shimmering blue altar of Sif Muna.
 10344 | D:8      | Found a glowing golden altar of the Shining One.
 10346 | D:8      | Noticed an angel
 10435 | D:9      | Found a stormy altar of Qazlal.
 10457 | D:9      | Reached skill level 5 in Fighting
 10457 | D:9      | Reached skill level 5 in Short Blades
 10457 | D:9      | Reached skill level 5 in Long Blades
 10457 | D:9      | Reached skill level 5 in Axes
 10457 | D:9      | Reached skill level 5 in Maces & Flails
 10457 | D:9      | Reached skill level 5 in Polearms
 10457 | D:9      | Reached skill level 5 in Staves
 10457 | D:9      | Reached skill level 5 in Slings
 10457 | D:9      | Reached skill level 5 in Bows
 10457 | D:9      | Reached skill level 5 in Crossbows
 10457 | D:9      | Reached skill level 5 in Throwing
 10457 | D:9      | Reached skill level 5 in Armour
 10457 | D:9      | Reached skill level 5 in Shields
 10457 | D:9      | Reached skill level 5 in Unarmed Combat
 10457 | D:9      | Reached skill level 5 in Evocations
 11262 | D:9      | Found a staircase to the Lair.
 11607 | D:9      | Noticed a centaur warrior
 11617 | D:9      | Shot with an arrow by a centaur warrior

Illustrated notes

Levels and vault maps discovered:
D:1:      lightli_arrival_isolated_outpost, layout_loops_ring,
          shapermc_ecumenical_altar_mp_vishouse, hangedman_decor_slide_cut
D:2:      layout_basic
D:3:      layout_loops_ring, minivault_4, grunt_decor_fettered
D:4:      layout_loops_cross, kennysheep_mini_moat, amcnicky_altar_gilded,
          serial_shops, shop, ebering_ghost_reflecting_pool
D:5:      layout_basic, lemuel_crystal_altar, elyvilon_altar_1,
          uniq_blork_the_orc
D:6:      layout_loops_ring, lemuel_doored_altar,
          nicolae_overflow_crystal_walls, minmay_temple_entry_statues_fountains
D:7:      layout_loops_ring, serial_glass, glass_columns_c, glass_columns_a,
          minmay_stone_trees_small, st_stairs_12
D:8:      layout_rooms, grunt_temple_overflow_holy_war, kennysheep_little_box,
          chequers_decorated_corner
D:9:      layout_loops_corners, old_standard_altar, minmay_lair_entry_grove,
          minivault_20
Temple:   nicolae_temple_hex_pool

Skill      XL: |  1  2  3  4  5  6  7  8  9 10 |
---------------+-------------------------------+-----
Spellcasting   | 5 6 7 |  7.6
Invocations    | 1 2 3 4 5 6 |  6.1
Fighting       | 1 2 3 4 5 |  5.6
Short Blades   | 1 2 3 4 5 |  5.6
Long Blades    | 1 2 3 4 5 |  5.6
Axes           | 1 2 3 4 5 |  5.6
Maces & Flails | 1 2 3 4 5 |  5.6
Polearms       | 1 2 3 4 5 |  5.6
Staves         | 1 2 3 4 5 |  5.6
Slings         | 1 2 3 4 5 |  5.6
Bows           | 1 2 3 4 5 |  5.6
Crossbows      | 1 2 3 4 5 |  5.6
Throwing       | 1 2 3 4 5 |  5.6
Armour         | 1 2 3 4 5 |  5.6
Shields        | 1 2 3 4 5 |  5.6
Unarmed Combat | 1 2 3 4 5 |  5.6
Evocations     | 1 2 3 4 5 |  5.6
Hexes          | 1 2 3 4 |  4.6
Summonings     | 1 2 3 4 |  4.6
Necromancy     | 1 2 3 4 |  4.6
Translocations | 1 2 3 4 |  4.6
Transmutations | 1 2 3 4 |  4.6
Fire Magic     | 1 2 3 4 |  4.6
Ice Magic      | 1 2 3 4 |  4.6
Air Magic      | 1 2 3 4 |  4.6
Earth Magic    | 1 2 3 4 |  4.6
Poison Magic   | 1 2 3 4 |  4.6
Dodging        | 5 6 7 |  7.3
Stealth        | 5 6 7 |  7.1
Conjurations   | 8 |  8.6

Action                   |  1- 3 |  4- 6 |  7- 9 | 10-12 || total
-------------------------+-------+-------+-------+-------++-------
Melee: Whip              |     5 |       |       |       ||     5
       Dagger            |       |    25 |    26 |       ||    51
       Bite              |       |       |    20 |     5 ||    25
       Quick blade       |       |       |   177 |    59 ||   236
       Punch             |       |       |     1 |     1 ||     2
 Fire: Hunting sling     |       |       |     6 |     1 ||     7
 Cast: Magic Dart        |    76 |    83 |    51 |    27 ||   237
       Searing Ray       |       |     1 |     5 |     4 ||    10
Invok: Ancestor Identity |       |       |       |     1 ||     1
Evoke: Wand              |       |       |       |     1 ||     1
  Use: Scroll            |       |     6 |    12 |     2 ||    20
       Potion            |       |       |     1 |     2 ||     3
 Stab: Sleeping          |       |     1 |     5 |       ||     6
Armor: Leather armour    |       |    22 |    31 |    13 ||    66
       Robe              |       |     1 |       |       ||     1
Dodge: Dodged            |     6 |    40 |    96 |    31 ||   173

Table legend: (Time is in decaauts)
 A = Elapsed time spent in this place.
 B = Non-inter-level travel time spent in this place.
 C = Inter-level travel time spent in this place.
 D = Time resting spent in this place.
 E = Time spent auto-exploring this place.
 F = Levels seen in this place.
 G = Mean time per level.
                   A        B        C        D        E       F      G
               +--------+--------+--------+--------+--------+-----+--------+
         Total |  11492 |  11163 |    329 |   3962 |   5954 |  10 | 1149.2 |
       Dungeon |  11393 |  11081 |    312 |   3962 |   5891 |   9 | 1265.9 |
        Temple |     98 |     81 |     17 |      0 |     63 |   1 |   98.0 |
               +--------+--------+--------+--------+--------+-----+--------+

Top non-repeatable levels by time:
     D:4: 1816 daAuts
     D:5: 1793 daAuts
     D:2: 1615 daAuts
     D:3: 1329 daAuts
     D:9: 1219 daAuts
     D:1: 1159 daAuts
     D:8: 926 daAuts
     D:6: 887 daAuts
     D:7: 645 daAuts
  Temple: 98 daAuts
